 Dungeon Sprint DCSS version 0.22-a0-305-gd21a89c (webtiles) character file.

291 operationiv the Skirmisher (level 6, -11/61 HPs)
             Began as a Hill Orc Fighter on Mar 29, 2018.
             Was a Priest of the Shining One.
             Mangled by a death knight
             ... wielding a +0 battleaxe
              (26 damage)
             ... in the Dungeon (Sprint IX: "|||||||||||||||||||||||||||||").
             The game lasted 00:01:59 (279 turns).

operationiv the Skirmisher (Hill Orc Fighter)        Turns: 279, Time: 00:02:00

Health: -11/61     AC: 11    Str: 20    XL:     6   Next: 32%
Magic:  7/11       EV:  8    Int:  9    God:    the Shining One [***...]
Gold:   0          SH: 19    Dex: 10    Spells: 5/5 levels left

rFire    . . .     SeeInvis .   a - +0 trident
rCold    . . .     Gourm    .   c - +0 shield
rNeg     + . .     Faith    .   j - +1 scale mail
rPois    .         Spirit   .   (no helmet)
rElec    .         Reflect  .   w - +0 cloak
rCorr    .         Harm     .   (no gloves)
MR       .....     NoTele   +   v - +0 pair of boots
Stlth    ..........             (no amulet)
HPRegen  0.20/turn              (no ring)
MPRegen  0.12/turn              (no ring)

@: divine shield, glowing
A: no striking features
a: Divine Shield, Renounce Religion


You were in the Dungeon.
You worshipped the Shining One.
The Shining One was most pleased with you.
You were not hungry.

You visited 1 branch

Inventory:

Hand Weapons
 a - a +0 trident (weapon)
 q - a +2 scimitar of flaming
   (You found it in the Dungeon)
 r - a +2 halberd of protection
   (You found it in the Dungeon)
 s - a +2 morningstar of crushing
   (You found it in the Dungeon)
 t - a +3 war axe of chopping
   (You found it in the Dungeon)
 u - a +2 rapier of distortion {!w}
   (You found it in the Dungeon)
Missiles
 b - an arrow
Armour
 c - a +0 shield (worn)
 j - a +1 scale mail (worn)
   (You found it in the Dungeon)
 v - a +0 pair of boots (worn)
   (You found it in the Dungeon)
 w - a +0 cloak (worn)
   (You found it in the Dungeon)
Magical Staves
 o - an uncursed staff of energy {@w1+MP, hungerless spells, !d!a}
   (You found it in the Dungeon)
Jewellery
 x - a +3 ring of strength
   (You found it in the Dungeon)
 y - a +3 ring of dexterity
   (You found it in the Dungeon)
Wands
 p - a wand of acid (10)
   (You found it in the Dungeon)
Scrolls
 k - 2 scrolls of blinking {!r}
 m - 3 scrolls of remove curse
 n - 2 scrolls of amnesia
Potions
 d - a potion of might
 e - 5 potions of curing
 g - a potion of heal wounds
 h - a potion of haste
 i - 4 potions of magic
Comestibles
 f - a ration {@e1}
 l - 14 chunks of flesh {@w0}


   Skills:
 + Level 7.8 Fighting
 + Level 6.7 Polearms
 + Level 7.1 Armour
 + Level 7.2 Shields
 + Level 6.7 Invocations


You had 5 spell levels left.
You didn't know any spells.

Dungeon Overview and Level Annotations

Branches:
Dungeon (1/1)

Altars:
Cheibriados
Dithmenos
Elyvilon
Fedhas
Gozag
Hepliaklqana
Kikubaaqudgha
Makhleb
Nemelex Xobeh
Okawaru
Qazlal
Ru
Sif Muna
Trog
Uskayaw
Vehumet
Wu Jian
Xom
Yredelemnul
Zin
The Shining One
Beogh
Jiyva
Lugonu


Message History

The two-headed ogre is wielding a giant spiked club and a dire flail of holy wrath.
The death knight shouts!
The bullfrog gives a loud, deep croak!
The orc shouts!
The soldier ant twitches its antennae in your direction.
The two-headed ogre shouts in stereo!
You hit the death knight.
You regained 2 hp, and now have 60/61 hp.
There are monsters nearby!
You hit the death knight.
The death knight invokes the aid of Yredelemnul against you.
Your body is wracked with pain!
You take 25 damage, and have 35/61 hp.
MASSIVE DAMAGE!!
You are too injured to fight recklessly!
You barely miss the death knight. You block the death knight's attack.
Unknown command.
You closely miss the death knight.
The death knight hits you with a battleaxe!!
* * * LOW HITPOINT WARNING * * *
You take 23 damage, and have 12/61 hp.
MASSIVE DAMAGE!!
The death knight calls down the wrath of Yredelemnul upon you.
Your body is wracked with pain!
* * * LOW HITPOINT WARNING * * *
You take 4 damage, and have 9/61 hp.
You feel much better.
You regained 21 hp, and now have 30/61 hp.
You hit the death knight.
The death knight invokes the aid of Yredelemnul against you.
You barely resist. You barely miss the death knight.
The death knight hits you with a battleaxe!!
* * * LOW HITPOINT WARNING * * *
You take 24 damage, and have 6/61 hp.
MASSIVE DAMAGE!!
You barely miss the death knight. You block the death knight's attack.
Your shield and scale mail prevent you from hitting the death knight.
The death knight invokes the aid of Yredelemnul against you.
Your body is wracked with pain!
* * * LOW HITPOINT WARNING * * *
You take 2 damage, and have 5/61 hp.
Things that are here:
an uncursed shortbow; 12 arrows
There is an open door to the Dungeon here.
You see here 2 arrows.
Some of the chunks of flesh in your inventory have rotted away.
You see here a +0 scale mail.
The bullfrog snags a nearby small bird with its tongue.
You see here an arrow.
You feel much better.
You regained 24 hp, and now have 30/61 hp.
MP restored: 11 Your divine shield is renewed.
You feel slightly more hungry.
The death knight hits you with a battleaxe!
* * * LOW HITPOINT WARNING * * *
You take 16 damage, and have 14/61 hp.
MASSIVE DAMAGE!!
You now have 8/11 mp.
You hit the death knight but do no damage.
The death knight completely misses you.
You hit the death knight but do no damage.
You block the death knight's attack.
You hit the death knight. You block the death knight's attack.
You hit the death knight but do no damage.
You hit the death knight but do no damage.
You block the death knight's attack.
Unknown command.
You hit the death knight but do no damage.
You block the death knight's attack.
You hit the death knight but do no damage.
You block the death knight's attack.
You hit the death knight but do no damage.
The death knight hits you with a battleaxe.
* * * LOW HITPOINT WARNING * * *
You take 1 damage, and have 14/61 hp.
You hit the death knight but do no damage.
Unknown command.
You closely miss the death knight.
The death knight offers itself to Yredelemnul, and fills with unholy energy.
b - an arrow You block the death knight's attack.
There are no items here.
Your divine shield is renewed.
You feel slightly more hungry. You block the death knight's attack.
You now have 6/11 mp.
You hit the death knight but do no damage.
You block the death knight's attack.
You completely miss the death knight.
You hit the death knight but do no damage.
You block the death knight's attack.
You hit the death knight.
The death knight reflects your damage back at you!
* * * LOW HITPOINT WARNING * * *
You block the death knight's attack.
You take 1 damage, and have 15/61 hp.
You hit the death knight but do no damage.
You block the death knight's attack.
You hit the death knight but do no damage.
The death knight's dark mirror aura disappears.
The death knight hits you with a battleaxe!!
You die... ▓▓▓▓▓▓▓▓▓▓▓▓▓▓▓▓▓▓▓▓▓▓▓▓▓▓▓▓▓▓▓▓▓ ___________'!..)@pFooaO.....'.O.. ▓▓▓▓▓▓▓▓▓▓▓▓▓▓▓▓▓▓▓▓▓▓▓▓▓▓▓▓▓▓▓▓▓

You could see a death knight, a two-headed ogre, a soldier ant, a bullfrog and 2 orcs.

Vanquished Creatures
  A hungry ghost (D)
  A centaur (D)
  A killer bee (D)
  An iguana (D)
  2 leopard geckos (D)
  2 orcs (D)
  A bat skeleton (D)
  A bat zombie (D)
  3 hobgoblins (D)
  A frilled lizard (D)
  A kobold (D)
  A quokka skeleton (D)
16 creatures vanquished.

Notes
Turn   | Place    | Note
-------+----------+-------------------------------------------
     0 | D        | operationiv the Hill Orc Fighter began the quest for the Orb.
     0 | D        | Reached XP level 1. HP: 19/19 MP: 1/1
    17 | D        | Reached skill level 4 in Fighting
    22 | D        | Reached skill level 3 in Polearms
    22 | D        | Reached XP level 2. HP: 22/27 MP: 2/2
    84 | D        | Reached skill level 4 in Armour
    84 | D        | Reached skill level 4 in Shields
   102 | D        | Found a roughly hewn altar of Beogh.
   102 | D        | Found a snail-covered altar of Cheibriados.
   102 | D        | Found a shadowy altar of Dithmenos.
   102 | D        | Found a white marble altar of Elyvilon.
   102 | D        | Found a blossoming altar of Fedhas.
   102 | D        | Found an opulent altar of Gozag.
   103 | D        | Found a hazy altar of Hepliaklqana.
   104 | D        | Found a viscous altar of Jiyva.
   105 | D        | Found an ancient bone altar of Kikubaaqudgha.
   106 | D        | Found a corrupted altar of Lugonu.
   107 | D        | Found a burning altar of Makhleb.
   108 | D        | Found a sparkling altar of Nemelex Xobeh.
   109 | D        | Found an iron altar of Okawaru.
   110 | D        | Found a stormy altar of Qazlal.
   111 | D        | Found a sacrificial altar of Ru.
   112 | D        | Found a deep blue altar of Sif Muna.
   113 | D        | Found a bloodstained altar of Trog.
   114 | D        | Found a hide-covered altar of Uskayaw.
   115 | D        | Found a radiant altar of Vehumet.
   116 | D        | Found an ornate altar of the Wu Jian Council.
   117 | D        | Found a shimmering altar of Xom.
   118 | D        | Found a basalt altar of Yredelemnul.
   119 | D        | Found a glowing silver altar of Zin.
   120 | D        | Found a glowing golden altar of the Shining One.
   128 | D        | Became a worshipper of the Shining One
   148 | D        | Noticed a hungry ghost
   148 | D        | Noticed a killer bee
   148 | D        | Reached * piety under the Shining One
   148 | D        | Noticed a centaur
   148 | D        | Reached ** piety under the Shining One
   167 | D        | Killed a hungry ghost
   167 | D        | Reached skill level 6 in Fighting
   167 | D        | Reached skill level 5 in Polearms
   167 | D        | Reached skill level 6 in Armour
   167 | D        | Reached skill level 6 in Shields
   167 | D        | Reached skill level 4 in Invocations
   167 | D        | Reached XP level 3. HP: 38/38 MP: 2/6
   167 | D        | Reached XP level 4. HP: 45/45 MP: 2/7
   167 | D        | Reached XP level 5. HP: 51/51 MP: 2/8
   168 | D        | Reached skill level 7 in Fighting
   168 | D        | Reached skill level 6 in Polearms
   168 | D        | Reached skill level 5 in Invocations
   173 | D        | Reached skill level 6 in Invocations
   178 | D        | Killed a centaur
   178 | D        | Reached skill level 7 in Armour
   178 | D        | Reached skill level 7 in Shields
   178 | D        | Reached XP level 6. HP: 61/61 MP: 2/11
   239 | D        | Noticed a death knight
   239 | D        | Reached *** piety under the Shining One
   239 | D        | Noticed a soldier ant
   239 | D        | Noticed a two-headed ogre
   243 | D        | HP: 12/61 [death knight/battleaxe (23)]
   249 | D        | HP: 6/61 [death knight/battleaxe (24)]
   261 | D        | HP: 14/61 [death knight/battleaxe (17)]
   269 | D        | HP: 14/61 [death knight/battleaxe (1)]
   277 | D        | HP: 15/61 [mirror damage (1)]
   279 | D        | Mangled by a death knight

Vault maps used:
D:        linesprint

Skill      XL: |  1  2  3  4  5 |
---------------+----------------+-----
Fighting       | 4 6 7 |  7.8
Polearms       | 3 5 6 |  6.7
Armour         | 6 7 |  7.1
Shields        | 6 7 |  7.2
Invocations    | 4 6 |  6.7

Action                   |  1- 3 |  4- 6 || total
-------------------------+-------+-------++-------
Melee: Trident           |    49 |    34 ||    83
Invok: Divine Shield     |       |     3 ||     3
  Use: Potion            |     1 |     2 ||     3
  Eat: Chunk             |     2 |     2 ||     4
Armor: Scale mail        |    14 |       ||    14
Dodge: Dodged            |     6 |     3 ||     9
Block: Shield            |    23 |    16 ||    39

Table legend:
 A = Spawn XP
 B = Non-spawn XP
 C = Spawn XP percentage of total XP
 D = Spawn monster count
 E = Non-spawn monster count
 F = Spawn count percentage of total count
 G = Total turns spent on level
                    A         B        C        D         E        F      G
               +---------+---------+-------+---------+---------+-------+---------
         Total |       0 |     417 |   0.0 |       0 |      16 |   0.0 |   279
               +---------+---------+-------+---------+---------+-------+---------
             D |       0 |     417 |   0.0 |       0 |      16 |   0.0 |   279
               +---------+---------+-------+---------+---------+-------+---------

Vault maps used:
D:        linesprint

Table legend:
 A = Turns spent in this place as a percentage of turns spent in the entire game.
 B = Non-inter-level travel turns spent in this place as a percentage of non-inter-level travel turns spent in the entire game.
 C = Inter-level travel turns spent in this place as a percentage of turns spent in this place.
 D = Turns resting spent in this place as a percentage of non-inter-level travel turns spent in this place.
 E = Turns spent auto-exploring this place as a percentage of non-inter-level travel turns spent in this place.
 F = Non-inter-level travel turns spent in this place divided by the number of levels of this place that you've seen.
                   A       B       C       D       E      F
               +-------+-------+-------+-------+-------+----------------------
         Total | 100.0 | 100.0 |   0.0 |  25.1 |  14.0 | 279.0
       Dungeon | 100.0 | 100.0 |   0.0 |  25.1 |  14.0 | 279.0
               +-------+-------+-------+-------+-------+----------------------

Table legend:
 A = Kills in this place as a percentage of kills in entire the game.
 B = Kills by you in this place as a percentage of kills by you in the entire game.
 C = Kills by friends in this place as a percentage of kills by friends in the entire game.
 D = Other kills in this place as a percentage of other kills in the entire game.
 E = Experience gained in this place as a percentage of experience gained in the entire game.
 F = Experience gained in this place divided by the number of levels of this place that you have seen.
                   A       B       C       D       E      F
               +-------+-------+-------+-------+-------+----------------------
         Total | 100.0 | 100.0 |   N/A |   N/A | 100.0 | 417.0
       Dungeon | 100.0 | 100.0 |   N/A |   N/A | 100.0 | 417.0
               +-------+-------+-------+-------+-------+----------------------
